 Dungeon Crawl Stone Soup version 0.31.0-4-g52a2dc7128 (webtiles) character file.

Game seed: 6735721101262720542

884 Strat the Sneak (level 8, -13/42 HPs)
             Began as a Vine Stalker Necromancer on Jan 22, 2024.
             Was a Priest of Qazlal.
             Mangled by an ogre
             ... wielding a +0 giant club
              (22 damage)
             ... on level 5 of the Dungeon.
             The game lasted 00:08:41 (3246 turns).

Strat the Sneak (Vine Stalker Necromancer)          Turns: 3246, Time: 00:08:41

Health: -13/42     AC:  5    Str: 13    XL:     8   Next: 5%
Magic:  0/12       EV: 10    Int: 15    God:    Qazlal [***...]
Gold:   265        SH:  3    Dex: 15    Spells: 11/11 levels left

rFire   . . .        b - +1 short sword (venom)
rCold   . . .        (no shield)
rNeg    . . .        g - +0 ring mail
rPois   .            (no helmet)
rElec   .            (no cloak)
rCorr   .            (no gloves)
SInv    .            (no boots)
Will    +....        (no amulet)
Stlth   ++           (no ring)
HPRegen 1.07/turn    (no ring)
MPRegen 0.13/turn

%: guardian spirit
@: no status effects
A: fangs 3, regeneration 1, magic shield, antimagic bite, no potion heal 2
a: Renounce Religion, Upheaval, Elemental Force


You were on level 5 of the Dungeon.
You worshipped Qazlal.
Qazlal was most pleased with you.
You visited 1 branch of the dungeon, and saw 5 of its levels.

You collected 265 gold pieces.

Inventory:

Hand Weapons
 b - a +1 short sword of venom (weapon)
 h - a +0 long sword
Missiles
 v - 3 atropa-tipped darts (quivered)
Armour
 g - a +0 ring mail (worn)
 w - a +2 chain mail of fire resistance
Jewellery
 f - a ring of ice
Talismans
 i - a maw talisman
Wands
 t - a wand of flame (48)
Scrolls
 d - a scroll of enchant armour
 j - 2 scrolls of blinking
 n - 2 scrolls of vulnerability {unknown}
 o - a scroll of teleportation
 p - a scroll of identify
 q - 3 scrolls of amnesia
Potions
 a - a potion of brilliance {unknown}
 c - 2 potions of enlightenment
 e - a potion of mutation
 k - a potion of attraction {unknown}
 l - a potion of ambrosia
 m - 2 potions of lignification
 x - a potion of magic


   Skills:
 + Level 3.9 Fighting
 * Level 5.3 Short Blades
 - Level 1.5 Dodging
 + Level 6.3 Stealth
 - Level 2.1 Spellcasting
 - Level 4.0 Necromancy


You had 11 spell levels left.
You didn't know any spells.
Your spell library contained the following spells:

 Spells                   Type           Power      Damage    Failure   Level
 Necrotise                Necr           52%        1d6       10%         1
 Vampiric Draining        Necr           13%        2d6       28%         3
 Animate Dead             Necr           13%        N/A       67%         4
 Curse of Agony           Necr           13%        N/A       95%         5
 Passage of Golubria      Tloc           1%         N/A       99%         4
 Silence                  Hex/Air        0%         N/A       100%        5
 Lehudib's Crystal Spear  Conj/Erth      0%         10d2      100%        8


Dungeon Overview and Level Annotations

Branches:
Dungeon (5/15)
 Temple: D:4-7

Altars:
Gozag
Kikubaaqudgha
Qazlal
Xom

Annotations:
D:4 3 runed translucent doors, dialectric's ghost, weakling OpDe


Innate Abilities, Weirdness & Mutations

You have razor-sharp teeth.
Your natural rate of healing is unusually fast.
When hurt, damage is shared between your health and your magic reserves.
Your bite disrupts and absorbs the magic of your enemies.
Potions cannot restore your health.


Message History

* * * LOW HITPOINT WARNING * * *
You barely miss Grinder.
Grinder is almost dead.
You hit Grinder. Your bite misses Grinder.
Grinder is almost dead.
Grinder hits you.
* * * LOW HITPOINT WARNING * * *
You closely miss Grinder. You bite Grinder, but do no damage.
Grinder is almost dead.
Grinder gestures at you. You resist with significant effort.
You hit Grinder.
Grinder looks as sick as possible!
Grinder is almost dead.
Grinder gestures at you. Pain shoots through your body!
* * * LOW HITPOINT WARNING * * *
Grinder gestures at you. You resist with significant effort.
You kill Grinder!
Qazlal accepts your kill.
Your Short Blades skill increases to level 5!
Your Stealth skill increases to level 6!
You have reached level 8!
You feel stronger.
Your teeth grow very long and razor-sharp.
You hit the ogre.
The ogre is poisoned.
You bite the ogre, but do no damage.
The ogre is lightly wounded.
You hit the ogre.
The ogre looks as sick as possible!
You bite the ogre! You drain its power.
You feel invigorated.
The ogre is heavily wounded.
The ogre hits you with a +0 giant club!
* * * LOW HITPOINT WARNING * * *
You barely miss the ogre.
The ogre is severely wounded.
You hit the ogre but do no damage.
The ogre looks as sick as possible!
You bite the ogre. You drain its power.
You feel invigorated.
The ogre is almost dead.
The ogre hits you with a +0 giant club!!
Ouch! That really hurt!
You die...

.............#.........#..
....#..................#..
....##.##.#.........>..#.#
######....#............#.#
######....+......###...#.#
.......####...######.....#
.......#.............###.#
.......#.......ยง.......#.#
.......#........@......#.#
...............#.O.....#........
...............#.......#........
...............#.......#........
............####.......#<.......
............# #.......#.....5..
.......#....# #.......'........
########....# #.......#........
############# #.......#


You could see an ogre (extremely poisoned).

Vanquished Creatures
  Grinder (D:5)
  A black bear (D:3)
  An ogre (D:5)
  Blork the orc (D:4)
  2 bombardier beetles
  A sleepcap (D:3)
  2 hounds (D:5)
  A jelly (D:5)
  An orc priest (D:3)
  Ijyb (D:2)
  2 orc wizards (D:3)
  3 gnolls (D:5)
  3 adders
  A shadow imp (D:5)
  A ribbon worm (D:3)
  13 orcs
  3 endoplasms
  2 giant cockroaches
  11 goblins
  5 hobgoblins
  13 jackals
  2 kobolds (D:1)
  3 quokkas
  6 ball pythons
  3 bats
  3 frilled lizards
  8 rats
94 creatures vanquished.

Vanquished Creatures (others)
  An orc wizard (D:3)
1 creature vanquished.

Grand Total: 95 creatures vanquished

Notes
Turn   | Place    | Note
-------+----------+-------------------------------------------
     0 | D:1      | Strat the Vine Stalker Necromancer began the quest for the
                  | Orb.
     0 | D:1      | Reached XP level 1. HP: 9/9 MP: 4/4
   191 | D:1      | Reached XP level 2. HP: 14/14 MP: 6/6
   195 | D:1      | Reached skill level 1 in Fighting
   195 | D:1      | Reached skill level 3 in Stealth
   504 | D:1      | Found a faded altar of an unknown god.
   511 | D:1      | You fall into a shaft and drop 1 floor!
   545 | D:2      | Reached XP level 3. HP: 18/18 MP: 7/7
   549 | D:2      | Found a shimmering altar of Xom.
   678 | D:2      | Reached skill level 1 in Short Blades
   768 | D:1      | Prayed at the altar of an unknown god.
   768 | D:1      | Became a worshipper of Qazlal Stormbringer
   768 | D:1      | Reached * piety under Qazlal
   941 | D:2      | Noticed Ijyb
  1035 | D:2      | Identified the +5 whip "Jeag" {protect, rC+ Int+3}
  1318 | D:2      | Killed Ijyb
  1319 | D:2      | Reached XP level 4. HP: 8/23 MP: 3/8
  1580 | D:3      | Reached skill level 4 in Stealth
  1580 | D:3      | Reached XP level 5. HP: 19/26 MP: 9/9
  1735 | D:3      | Noticed a black bear
  1803 | D:3      | Reached ** piety under Qazlal
  1985 | D:3      | Killed a black bear
  1986 | D:3      | Reached XP level 6. HP: 32/32 MP: 8/10
  2493 | D:4      | Found an ancient bone altar of Kikubaaqudgha.
  2513 | D:4      | Found an opulent altar of Gozag.
  2540 | D:4      | Reached skill level 5 in Stealth
  2599 | D:4      | Noticed Blork the orc
  2613 | D:4      | Killed Blork the orc
  2614 | D:4      | Reached XP level 7. HP: 32/36 MP: 8/11
  2792 | D:4      | Found a runed translucent gate.
  2932 | D:4      | Found a runed translucent gate.
  2933 | D:4      | Found a runed translucent gate.
  2933 | D:4      | Found an opulent altar of Gozag.
  2943 | D:4      | Noticed dialectric's ghost (weakling OpDe)
  2998 | D:5      | Entered Level 5 of the Dungeon
  3136 | D:5      | Reached *** piety under Qazlal
  3179 | D:5      | Noticed Grinder
  3220 | D:5      | Paralysed by Grinder for 4 turns
  3242 | D:5      | Killed Grinder
  3243 | D:5      | Reached skill level 5 in Short Blades
  3243 | D:5      | Reached skill level 6 in Stealth
  3243 | D:5      | Gained mutation: You have razor-sharp teeth. [Vine Stalker
                  | growth]
  3243 | D:5      | Reached XP level 8. HP: 12/42 MP: 1/12
  3246 | D:5      | Mangled by an ogre

Illustrated notes

Levels and vault maps discovered:
D:1:      dpeg_arrival_arbitrary_b, layout_rooms, basic_ecumenical_altar
D:2:      kennysheep_the_goblin_king, layout_loops_ring, basic_altar
D:3:      layout_basic, serial_corexii_hall, corexii_hall_statues_t,
          corexii_hall_statues_l, corexii_hall_statues_u,
          corexii_hall_statues_u, uniq_ijyb
D:4:      layout_rooms, mainiacjoe_overflow_catwalk_spiral, ebering_ghost_gozag,
          uniq_blork_the_orc
D:5:      layout_basic, nicolae_sif_muna_condensation, serial_shops,
          nicolae_shop_gaudy_bauble, uniq_grinder, uniq_duvessa

Skill      XL: |  1  2  3  4  5  6  7 |
---------------+----------------------+-----
Fighting       | 1 2 3 |  3.9
Stealth        | 3 4 5 6 |  6.3
Short Blades   | 1 2 3 4 5 |  5.3
Dodging        | |  1.5
Spellcasting   | |  2.1
Necromancy     | |  4.0

Action                     |  1- 3 |  4- 6 |  7- 9 || total
---------------------------+-------+-------+-------++-------
  Melee: Short sword       |   152 |    96 |    98 ||   346
         Bite              |    49 |    39 |    32 ||   120
         Unarmed           |     4 |       |       ||     4
         Whip              |    24 |    22 |       ||    46
         Punch             |       |     1 |       ||     1
  Throw: Dart              |     3 |       |       ||     3
    Use: Scroll            |       |       |    12 ||    12
   Stab: Sleeping          |     5 |       |       ||     5
 Armour: Ring mail         |   116 |    87 |    40 ||   243
         Leather armour    |     2 |       |       ||     2
         Robe              |     1 |       |       ||     1
  Dodge: Dodged            |    97 |    54 |    31 ||   182
  Block: Other             |     2 |     9 |     6 ||    17
